 Dungeon Crawl Stone Soup version 0.31-a0-1236-gaa9e43cceb (webtiles) character file.

Game seed: 2745108233206424381

3110 MacCMillion the Cleaver (level 9, 0/81 HPs)
             Began as a Minotaur Fighter on Dec 15, 2023.
             Was a Believer of Okawaru.
             Slain by a boulder beetle (17 damage)
             ... on level 9 of the Dungeon.
             The game lasted 00:11:33 (7534 turns).

MacCMillion the Cleaver (Minotaur Fighter)          Turns: 7534, Time: 00:11:33

Health: 0/81       AC: 15    Str: 26    XL:     9   Next: 60%
Magic:  10/10      EV: 14    Int:  5    God:    Okawaru [**....]
Gold:   134        SH:  4    Dex:  9    Spells: 8/8 levels left

rFire   + . .        a - +0 war axe
rCold   . . .        c - +0 buckler
rNeg    . . .        v - +1 chain mail {rF+}
rPois   .            (helmet restricted)
rElec   .            (no cloak)
rCorr   .            y - +2 pair of gloves
SInv    .            (no boots)
Will    .....        (no amulet) Stlth
                     l - +5 ring of evasion
HPRegen 0.33/turn    (no ring)
MPRegen 0.12/turn

%: no passive effects
@: no status effects
A: horns 2, retaliatory headbutt
a: Renounce Religion, Heroism


You were on level 9 of the Dungeon.
You worshipped Okawaru.
Okawaru was pleased with you.
You visited 2 branches of the dungeon, and saw 10 of its levels.
You also visited: Bailey.

You collected 434 gold pieces.
You spent 300 gold pieces at shops.

Inventory:

Hand Weapons
 a - a +0 war axe (weapon)
Missiles
 J - 5 poisoned darts (quivered)
 K - a curare-tipped dart
Armour
 c - a +0 buckler (worn)
 v - a +1 chain mail of fire resistance (worn)
 y - a +2 pair of gloves (worn)
Jewellery
 l - a +5 ring of evasion (left hand)
Wands
 B - a wand of charming (9)
 L - a wand of mindburst (20)
Scrolls
 e - 2 scrolls of noise {unknown}
 g - 4 scrolls of teleportation
 i - 3 scrolls of blinking {unknown}
 k - a scroll of poison {unknown}
 n - a scroll of enchant weapon {unknown}
 q - 3 scrolls of fear {unknown}
 r - 3 scrolls of revelation {unknown}
 t - 2 scrolls of vulnerability {unknown}
 u - 9 scrolls of identify {unknown}
 x - a scroll of brand weapon {unknown}
 A - a scroll of amnesia {unknown}
 D - 2 scrolls of fog {unknown}
 I - a scroll of enchant armour {unknown}
Potions
 b - 3 potions of brilliance {unknown}
 d - a potion of might
 f - 3 potions of magic {unknown}
 h - 4 potions of curing
 j - 3 potions of berserk rage
 m - 4 potions of enlightenment
 o - 3 potions of lignification {unknown}
 p - 3 potions of heal wounds {unknown}
 s - 6 potions of resistance {unknown}
 w - 2 potions of cancellation {unknown}
 z - 2 potions of attraction {unknown}
 C - 4 potions of haste
 E - a potion of experience {unknown}
 F - 3 potions of mutation {unknown}
 G - a potion of invisibility {unknown}
 H - 2 potions of degeneration


   Skills:
 + Level 8.0 Fighting
 + Level 12.0 Axes
 + Level 7.8 Armour
 - Level 1.0 Dodging
 - Level 4.0 Shields
 - Level 3.0 Invocations


You had 8 spell levels left.
You didn't know any spells.
Your spell library contained the following spells:

 Spells                   Type           Power      Damage    Failure   Level
 Sting                    Tmut/Pois      0%         1d3       95%         1
 Blink                    Tloc           0%         N/A       99%         2
 Lesser Beckoning         Tloc           0%         N/A       99%         2
 Momentum Strike          Conj/Tloc      0%         3d8       99%         2
 Poisonous Vapours        Pois/Air       0%         N/A       99%         2
 Olgreb's Toxic Radiance  Pois           0%         N/A       100%        4
 Orb of Destruction       Conj           0%         9d5       100%        7
 Summon Guardian Golem    Hex/Summ       Unusable   N/A       N/A         3
 Spellforged Servitor     Conj/Summ      Unusable   N/A       N/A         7

Dungeon Overview and Level Annotations

Branches:
Dungeon (9/15)             Temple (1/1) D:6             Orc (0/2) D:9
 Bailey (visited)
   Lair: D:8-11

Altars:
Ashenzari
Cheibriados
Dithmenos
Elyvilon
Fedhas
Gozag
Hepliaklqana
Kikubaaqudgha
Makhleb
Nemelex Xobeh
Okawaru
Qazlal
Ru
Sif Muna
Trog
Uskayaw
Vehumet
Wu Jian
Xom
Yredelemnul
Zin
The Shining One

Shops:
D:6 !   D:7 !

Annotations:
D:5 1 runed translucent door, Crazy Yiuf
D:6 3 runed translucent doors, jotaen's ghost, novice MiFi


Innate Abilities, Weirdness & Mutations

You have a pair of horns on your head.
You reflexively headbutt those who attack you in melee.


Message History

The boulder beetle is poisoned.
An orc comes into view. It is wielding a +0 whip.
You throw a poisoned dart.
The poisoned dart hits the boulder beetle.
The boulder beetle looks even sicker.
The orc shouts!
You hear a shout! x3
You throw a poisoned dart.
The poisoned dart hits the boulder beetle.
The boulder beetle is lightly wounded.
The boulder beetle hits you!!
The boulder beetle stops rolling and uncurls.
An orc priest comes into view. It is wielding a +0 whip.
You hit the boulder beetle but do no damage.
The boulder beetle is lightly wounded.
You block the boulder beetle's attack.
You hit the boulder beetle but do no damage.
The boulder beetle is lightly wounded.
Unknown command.
The boulder beetle curls into a ball and begins rolling!
An orc comes into view. It is wielding a +0 dagger.
The boulder beetle hits you!!
The boulder beetle stops rolling and uncurls.
You are too injured to fight recklessly!
An orc warrior comes into view. It is wielding a +0 battleaxe.
The boulder beetle curls into a ball and begins rolling!
The orc attacks as it pursues you! The orc hits you but does no damage.
The orc sings a few bars from the Orcish anthem.
The orc attacks as it pursues you! The orc barely misses you.
The boulder beetle stops rolling and uncurls.
The boulder beetle leaps!
The orc misses you.
The boulder beetle looks more healthy.
The orc attacks as it pursues you! The orc closely misses you.
The boulder beetle curls into a ball and begins rolling!
The orc attacks as it pursues you! The orc misses you.
The boulder beetle attacks as it pursues you!
The boulder beetle hits you!!
* * * LOW HITPOINT WARNING * * *
The boulder beetle stops rolling and uncurls.
The boulder beetle bites you!
You die...

........# #..#
#############.#######..######
...........(.................
.............................
..................)..........
######..###########..########
######..###########..#
.........<........<..########
..............B@.............
............o○#######........
#..#########°.# #........ #..
#°.# #........ ..
#####..#######........
.......>...............
.......o..#############
.#######..# #..########


You could see a boulder beetle and an orc.

Vanquished Creatures
  Prince Ribbit (D:5)
  4 water moccasins
  A sky beast (D:7)
  2 orc warriors
  2 black bears
  4 ogres
  A phantom (D:4)
  2 kobold brigands (D:8)
  4 bullfrogs
  2 gnoll sergeants
  A necrophage (D:8)
  2 scorpions
  3 hounds
  2 orc priests
  6 iguanas
  3 sleepcaps
  5 orc wizards
  A hound skeleton (D:8)
  10 adders
  15 gnolls
  2 ufetubi (D:4)
  2 worms
  7 dart slugs
  35 orcs
  3 ball pythons
  6 bats
  5 endoplasms
  2 giant cockroaches
  11 goblins
  7 hobgoblins
  4 quokkas
  2 frilled lizards (D:2)
  10 kobolds
  5 rats
172 creatures vanquished.

Notes
Turn   | Place    | Note
-------+----------+-------------------------------------------
     0 | D:1      | MacCMillion the Minotaur Fighter began the quest for the
                  | Orb.
     0 | D:1      | Reached XP level 1. HP: 19/19 MP: 0/0
   185 | D:1      | Reached skill level 3 in Axes
   185 | D:1      | Reached XP level 2. HP: 23/26 MP: 1/1
   571 | D:2      | Found an ancient bone altar of Kikubaaqudgha.
   596 | D:2      | Reached skill level 4 in Axes
   625 | D:2      | Reached XP level 3. HP: 31/31 MP: 2/2
   994 | D:2      | Reached skill level 5 in Axes
   994 | D:2      | Reached XP level 4. HP: 29/39 MP: 3/3
  1386 | D:3      | Noticed an ogre
  1854 | D:3      | Reached skill level 6 in Axes
  1854 | D:3      | Reached XP level 5. HP: 40/45 MP: 4/4
  2194 | D:4      | Reached skill level 7 in Axes
  2330 | D:4      | Noticed an ogre
  2335 | D:4      | Killed an ogre
  2336 | D:4      | Reached XP level 6. HP: 22/51 MP: 5/5
  2340 | D:4      | Reached skill level 8 in Axes
  2584 | D:4      | You fall into a shaft and drop 2 floors!
  2630 | D:5      | Entered Level 5 of the Dungeon
  2684 | D:5      | Reached skill level 9 in Axes
  2685 | D:5      | Reached XP level 7. HP: 48/57 MP: 6/6
  2863 | D:5      | Noticed Prince Ribbit
  2886 | D:5      | Killed Prince Ribbit
  2887 | D:5      | Reached skill level 10 in Axes
  3177 | D:5      | Found a runed translucent door.
  3178 | D:5      | Noticed Crazy Yiuf
  3278 | D:5      | Found a sacrificial altar of Ru.
  3472 | D:6      | Reached XP level 8. HP: 55/67 MP: 7/7
  3567 | D:6      | Reached skill level 5 in Fighting
  3567 | D:6      | Reached skill level 5 in Armour
  3616 | D:6      | Found a runed translucent gate.
  3617 | D:6      | Found a runed translucent gate.
  3618 | D:6      | Found a runed translucent gate.
  3618 | D:6      | Noticed jotaen's ghost (novice MiFi)
  3780 | D:6      | Found a staircase to the Ecumenical Temple.
  3791 | Temple   | Entered the Ecumenical Temple
  3921 | Temple   | Became a worshipper of Warmaster Okawaru
  4004 | D:6      | Noticed a two-headed ogre
  4277 | D:6      | Reached skill level 1 in Invocations
  4321 | D:6      | Found Vyistrouwk's Distillery.
  4328 | D:6      | Bought a potion of enlightenment for 55 gold pieces
  4328 | D:6      | Bought a potion of haste for 110 gold pieces
  4770 | D:7      | Reached skill level 1 in Dodging
  4798 | D:7      | Found a flagged portal.
  4809 | D:7      | Reached skill level 11 in Axes
  4812 | D:7      | Reached * piety under Okawaru
  4897 | Bailey   | Entered a bailey
  5067 | Bailey   | Reached XP level 9. HP: 38/77 MP: 10/10
  5689 | D:7      | Found Yxoh's Distillery.
  6028 | D:7      | Bought a potion of curing for 45 gold pieces
  6028 | D:7      | Bought a potion of berserk rage for 75 gold pieces
  6028 | D:7      | Bought a potion of degeneration for 15 gold pieces
  6510 | D:8      | Reached ** piety under Okawaru
  6939 | D:8      | Found a burning altar of Makhleb.
  6951 | D:8      | Reached skill level 12 in Axes
  7491 | D:9      | Found a staircase to the Orcish Mines.
  7500 | D:9      | Noticed a boulder beetle
  7534 | D:9      | Slain by a boulder beetle

Illustrated notes

Levels and vault maps discovered:
D:1:      dpeg_arrival_signposts, layout_basic
D:2:      layout_rooms, basic_altar
D:3:      layout_loops_ring, minmay_misc_feat_square, minmay_misc_feat_cross
D:4:      minmay_diamond_boxcup, layout_basic, hex_large,
          serial_library_hellmonk_statue_hall, lexackson_kobold_supper
D:5:      layout_loops_ring, nicolae_ru_the_path_less_chosen, serial_shops,
          shop, kennysheep_windowed_goal, uniq_pikel, uniq_prince_ribbit1,
          uniq_crazy_yiuf_cottage
D:6:      layout_basic, minmay_temple_entry_proselytizer, gammafunk_ghost_split,
          serial_shops, nicolae_shop_industrial_runoff
D:7:      layout_loops_ring, enter_bailey_5, serial_shops,
          nicolae_shop_window_shopping, minmay_misc_feat_iff
D:8:      layout_gridville, makhleb_blood_cavern_becter,
          minmay_tree_intersection
D:9:      layout_long_grid, david_lair_shrubbed, minmay_orc_entry_temple_small
Temple:   nicolae_temple_bog_church

Skill      XL: |  1  2  3  4  5  6  7  8  9 |
---------------+----------------------------+-----
Axes           | 3 4 5 6 7 9 10 11 12 | 12.0
Shields        | 4 |  4.0
Fighting       | 4 6 8 |  8.0
Armour         | 4 6 7 |  7.8
Invocations    | 3 |  3.0
Dodging        | 1 |  1.0

Action                     |  1- 3 |  4- 6 |  7- 9 || total
---------------------------+-------+-------+-------++-------
  Melee: War axe           |    69 |   107 |   270 ||   446
         Headbutt          |     6 |    13 |    38 ||    57
  Throw: Dart              |       |       |     4 ||     4
 Invoke: Heroism           |       |       |     1 ||     1
    Use: Scroll            |       |     1 |       ||     1
 Armour: Scale mail        |    48 |       |       ||    48
         Chain mail        |       |    47 |   158 ||   205
  Dodge: Dodged            |    33 |    67 |   161 ||   261
  Block: Buckler           |    22 |    19 |    56 ||    97

Table legend: (Time is in decaauts)
 A = Elapsed time spent in this place.
 B = Non-inter-level travel time spent in this place.
 C = Inter-level travel time spent in this place.
 D = Time resting spent in this place.
 E = Time spent auto-exploring this place.
 F = Levels seen in this place.
 G = Mean time per level.
                   A        B        C        D        E       F      G
               +--------+--------+--------+--------+--------+-----+--------+
         Total |   7578 |   7255 |    323 |    876 |   4888 |  11 |  688.9 |
       Dungeon |   6841 |   6550 |    291 |    541 |   4662 |   9 |  760.1 |
        Temple |    147 |    115 |     32 |    113 |      0 |   1 |  147.0 |
        Bailey |    589 |    589 |      0 |    222 |    226 |   1 |  589.0 |
               +--------+--------+--------+--------+--------+-----+--------+

Top non-repeatable levels by time:
     D:6: 1224 daAuts
     D:7: 1052 daAuts
     D:8: 1031 daAuts
     D:5: 808 daAuts
     D:3: 748 daAuts
     D:2: 685 daAuts
     D:4: 612 daAuts
  Bailey: 589 daAuts
     D:1: 579 daAuts
  Temple: 147 daAuts
     D:9: 98 daAuts
